TOP OF THE 1ST |
Myrtle Beach Pelicans batting - Pitching for Jupiter Hammerheads : LHP Vince Terkelsen
|
Pitching: LHP Vince Terkelsen
|
|
Batting: LHB Eric McIver
|
0-0: Foul Ball, location: 2F 0-1: Ball 1-1: Ball 2-1: Foul Ball, location: 2F 2-2: Strikes out swinging
|
Batting: RHB Chad Howe
|
0-0: Ball 1-0: Ball 2-0: Called Strike 2-1: Called Strike 2-2: Ball 3-2: Base on Balls
|
Batting: LHB Zack Lloyd
|
0-0: Ball 1-0: Called Strike 1-1: Fly out, F7 (Flyball, 78M, EV 89.4 MPH)
|
Batting: RHB Gregorio Morales
|
0-0: Ball 1-0: Swinging Strike 1-1: Ball 2-1: Called Strike Chad Howe steals 2nd base 2-2: Foul Ball, location: 2F 2-2: Ball 3-2: Strikes out swinging
|
Top of the 1st over - 0 runs, 0 hits, 0 errors, 1 left on base; Myrtle Beach 0 - Jupiter 0 |
BOTTOM OF THE 1ST |
Jupiter Hammerheads batting - Pitching for Myrtle Beach Pelicans : RHP Leo Loetzsch
|
Pitching: RHP Leo Loetzsch
|
|
Batting: LHB Jake Fritz
|
0-0: Ball 1-0: Called Strike 1-1: Foul Ball, location: 2F 1-2: Strikes out swinging
|
Batting: LHB Manny Barahona
|
0-0: SINGLE (Groundball, 3, EV 95.0 MPH)
|
Batting: LHB Randy Racine
|
0-0: Ball 1-0: Called Strike 1-1: Ball 2-1: Swinging Strike 2-2: Ball 3-2: Strikes out looking
|
Batting: RHB Armando Colon
|
0-0: Ball Passed Ball! Manny Barahona to second 1-0: Ball 2-0: Foul Ball, location: 2F 2-1: Swinging Strike 2-2: Ground out 1-3 (Groundball, 15S, EV 65.0 MPH)
|
Bottom of the 1st over - 0 runs, 1 hit, 0 errors, 1 left on base; Myrtle Beach 0 - Jupiter 0 |
TOP OF THE 2ND |
Myrtle Beach Pelicans batting - Pitching for Jupiter Hammerheads : LHP Vince Terkelsen
|
Batting: RHB Roberto Rivera
|
0-0: SINGLE (Groundball, 4S, EV 77.5 MPH) (infield hit)
|
Batting: LHB Ryan Cross
|
0-0: Called Strike 0-1: 2-RUN HOME RUN (Flyball, 7LD, EV 90.6 MPH), Distance : 387 ft
|
Batting: LHB Dave Wheeler
|
0-0: Ball 1-0: Foul Ball, location: 2F 1-1: Ball 2-1: Foul Ball, location: 2F 2-2: Foul Ball, location: 2F 2-2: Strikes out looking
|
Batting: SHB Eddie Tetzlaff
|
0-0: Called Strike 0-1: Ball 1-1: Ground out 4-3 (Groundball, 4, EV 75.6 MPH)
|
Batting: RHB Leo Loetzsch
|
0-0: Ball 1-0: Ball 2-0: Called Strike 2-1: DOUBLE (Line Drive, 89D, EV 105.6 MPH)
|
Batting: LHB Eric McIver
|
0-0: Swinging Strike 0-1: Fly out, F6 (Line Drive, 6, EV 70.0 MPH)
|
Top of the 2nd over - 2 runs, 3 hits, 0 errors, 1 left on base; Myrtle Beach 2 - Jupiter 0 |
BOTTOM OF THE 2ND |
Jupiter Hammerheads batting - Pitching for Myrtle Beach Pelicans : RHP Leo Loetzsch
|
Batting: LHB Juan Alba
|
0-0: Swinging Strike 0-1: Ball 1-1: Foul Ball, location: 2F 1-2: Ball 2-2: Strikes out swinging, 2-3 out at first.
|
Batting: RHB Tony Pedraza
|
0-0: Called Strike 0-1: Foul Ball, location: 2F 0-2: Ball 1-2: Ground out 5-3 (Groundball, 56, EV 83.8 MPH)
|
Batting: LHB Jason McCants
|
0-0: Ball 1-0: Ball 2-0: Called Strike 2-1: Ground out U3 (Groundball, 3, EV 100.0 MPH)
|
Bottom of the 2nd over - 0 runs, 0 hits, 0 errors, 0 left on base; Myrtle Beach 2 - Jupiter 0 |
TOP OF THE 3RD |
Myrtle Beach Pelicans batting - Pitching for Jupiter Hammerheads : LHP Vince Terkelsen
|
Batting: RHB Chad Howe
|
0-0: Called Strike 0-1: Ground out 5-3 (Groundball, 56, EV 100.6 MPH)
|
Batting: LHB Zack Lloyd
|
0-0: Called Strike 0-1: Ball 1-1: Foul Ball, location: 2F 1-2: Fly out, F5 (Flyball, 5D, EV 83.1 MPH)
|
Batting: RHB Gregorio Morales
|
0-0: Ball 1-0: Called Strike 1-1: Ball 2-1: Called Strike 2-2: DOUBLE (Flyball, 8LD, EV 99.4 MPH)
|
Batting: RHB Roberto Rivera
|
0-0: Ground out 5-3 (Groundball, 5, EV 83.8 MPH)
|
Top of the 3rd over - 0 runs, 1 hit, 0 errors, 1 left on base; Myrtle Beach 2 - Jupiter 0 |
BOTTOM OF THE 3RD |
Jupiter Hammerheads batting - Pitching for Myrtle Beach Pelicans : RHP Leo Loetzsch
|
Batting: RHB Fytor Sousa
|
0-0: Ball 1-0: Foul Ball, location: 2F 1-1: Foul Ball, location: 2F 1-2: Foul Ball, location: 2F 1-2: Ball 2-2: Strikes out swinging
|
Batting: LHB Vince Terkelsen
|
0-0: Ball 1-0: Swinging Strike 1-1: Called Strike 1-2: Strikes out looking
|
Batting: LHB Jake Fritz
|
0-0: Foul Ball, location: 2F 0-1: Foul Ball, location: 2F 0-2: Strikes out swinging
|
Bottom of the 3rd over - 0 runs, 0 hits, 0 errors, 0 left on base; Myrtle Beach 2 - Jupiter 0 |
TOP OF THE 4TH |
Myrtle Beach Pelicans batting - Pitching for Jupiter Hammerheads : LHP Vince Terkelsen
|
Batting: LHB Ryan Cross
|
0-0: Called Strike 0-1: Ball 1-1: Swinging Strike 1-2: Foul Ball, location: 2F 1-2: Strikes out swinging
|
Batting: LHB Dave Wheeler
|
0-0: Called Strike 0-1: Ball 1-1: Foul Ball, location: 2F 1-2: Ball 2-2: Ball 3-2: Base on Balls
|
Batting: SHB Eddie Tetzlaff
|
0-0: Fielders Choice at 2nd, 6-4 (Groundball, 6M, EV 85.0 MPH)
|
Batting: RHB Leo Loetzsch
|
0-0: SINGLE (Line Drive, 4M, EV 97.5 MPH) Eddie Tetzlaff to second
|
Batting: LHB Eric McIver
|
0-0: Ball 1-0: SINGLE (Groundball, 34D, EV 101.3 MPH) Eddie Tetzlaff to third Leo Loetzsch to second Runner from 3rd tries for Home, SAFE, throw by RF to home
|
Batting: RHB Chad Howe
|
0-0: Ball 1-0: Ball 2-0: Ball 3-0: Called Strike 3-1: Foul Ball, location: 2F 3-2: Base on Balls Leo Loetzsch to third Eric McIver to second
|
Batting: LHB Zack Lloyd
|
0-0: Ball 1-0: Called Strike 1-1: Called Strike 1-2: SINGLE (Groundball, 4MD, EV 100.0 MPH) Leo Loetzsch scores Eric McIver to third Chad Howe to second Runner from 3rd tries for Home, SAFE, throw by CF to home
|
Pitching: RHP Jason Cardenas
|
|
Batting: RHB Gregorio Morales
|
0-0: Ball 1-0: Called Strike 1-1: Called Strike 1-2: Foul Ball, location: 2F 1-2: Ball 2-2: Foul Ball, location: 2F 2-2: Fly out, F9 (Line Drive, 9D, EV 98.8 MPH)
|
Top of the 4th over - 3 runs, 3 hits, 0 errors, 2 left on base; Myrtle Beach 5 - Jupiter 0 |
BOTTOM OF THE 4TH |
Jupiter Hammerheads batting - Pitching for Myrtle Beach Pelicans : RHP Leo Loetzsch
|
Batting: LHB Manny Barahona
|
0-0: Called Strike 0-1: Swinging Strike 0-2: Foul Ball, location: 2F 0-2: Hit by Pitch
|
Batting: LHB Randy Racine
|
0-0: Called Strike 0-1: Ball 1-1: Swinging Strike 1-2: Fly out, F6 (Line Drive, 6, EV 68.8 MPH)
|
Batting: RHB Armando Colon
|
0-0: Ball 1-0: Ball 2-0: Called Strike Balk! Manny Barahona to second 2-1: Foul Ball, location: 2F 2-2: Ball 3-2: SINGLE (Line Drive, 8RS, EV 109.4 MPH) Manny Barahona to third
|
Batting: LHB Juan Alba
|
0-0: Called Strike 0-1: Ball 1-1: Called Strike 1-2: Strikes out swinging
|
Batting: RHB Tony Pedraza
|
0-0: Ball 1-0: Swinging Strike 1-1: Foul Ball, location: 2F 1-2: Ball 2-2: Ball Passed Ball! Manny Barahona scores Armando Colon to second 3-2: Strikes out swinging
|
Bottom of the 4th over - 1 run, 1 hit, 0 errors, 1 left on base; Myrtle Beach 5 - Jupiter 1 |
TOP OF THE 5TH |
Myrtle Beach Pelicans batting - Pitching for Jupiter Hammerheads : RHP Jason Cardenas
|
Batting: RHB Roberto Rivera
|
0-0: Ball 1-0: DOUBLE (Line Drive, 78D, EV 113.1 MPH)
|
Batting: LHB Ryan Cross
|
0-0: Ball 1-0: Called Strike 1-1: Ball 2-1: Foul Ball, location: 2F 2-2: Strikes out looking
|
Batting: LHB Dave Wheeler
|
0-0: Ball 1-0: 2-RUN HOME RUN (Flyball, 8RXD, EV 93.8 MPH), Distance : 437 ft
|
Batting: SHB Eddie Tetzlaff
|
0-0: Ball 1-0: SINGLE (Groundball, 4MD, EV 98.8 MPH)
|
Pitching: RHP Philip Veenstra
|
|
Batting: RHB Leo Loetzsch
|
0-0: Bunt - Flyout to P - DP at third! 1-3
|
Top of the 5th over - 2 runs, 3 hits, 0 errors, 0 left on base; Myrtle Beach 7 - Jupiter 1 |
BOTTOM OF THE 5TH |
Jupiter Hammerheads batting - Pitching for Myrtle Beach Pelicans : RHP Leo Loetzsch
|
Batting: LHB Jason McCants
|
0-0: Swinging Strike 0-1: Foul Ball, location: 2F 0-2: Foul Ball, location: 2F 0-2: Ball 1-2: Strikes out swinging
|
Batting: RHB Fytor Sousa
|
0-0: Ball 1-0: Ball 2-0: Swinging Strike 2-1: Fly out, F8 (Flyball, 78XD, EV 86.3 MPH)
|
Batting: RHB Philip Veenstra
|
0-0: Ball 1-0: Called Strike 1-1: Called Strike 1-2: Strikes out swinging
|
Bottom of the 5th over - 0 runs, 0 hits, 0 errors, 0 left on base; Myrtle Beach 7 - Jupiter 1 |
TOP OF THE 6TH |
Myrtle Beach Pelicans batting - Pitching for Jupiter Hammerheads : RHP Philip Veenstra
|
Batting: LHB Eric McIver
|
0-0: Called Strike 0-1: Ball 1-1: DOUBLE (Line Drive, 7LM, EV 105.0 MPH)
|
Batting: RHB Chad Howe
|
0-0: Ball Eric McIver steals 3rd base 1-0: Foul Ball, location: 2F 1-1: Ball 2-1: Swinging Strike 2-2: Foul Ball, location: 2F 2-2: Foul Ball, location: 2F 2-2: Foul Ball, location: 2F 2-2: Foul Ball, location: 2F 2-2: Ball 3-2: Base on Balls
|
Batting: LHB Zack Lloyd
|
0-0: Ball 1-0: Ball 2-0: DOUBLE (Flyball, 8LXD, EV 91.9 MPH) Eric McIver scores Chad Howe to third
|
Pitching: LHP Nick Rousseau
|
|
Batting: RHB Gregorio Morales
|
0-0: Ball 1-0: Fly out, F8 (Line Drive, 8LD, EV 96.9 MPH) Runner from 3rd tags up, SCORES, throw by CF
|
Batting: RHB Roberto Rivera
|
0-0: Ball 1-0: Ball Wild Pitch! Zack Lloyd to third 2-0: Called Strike 2-1: Ball 3-1: Ground out 1-3 (Groundball, 34S, EV 63.1 MPH)
|
Batting: LHB Ryan Cross
|
0-0: Ball 1-0: Ball 2-0: Ball 3-0: Called Strike 3-1: Base on Balls
|
Batting: LHB Dave Wheeler
|
0-0: Ball 1-0: Ball 2-0: Ball 3-0: Base on Balls Ryan Cross to second
|
Batting: SHB Eddie Tetzlaff
|
0-0: Ball 1-0: Foul Ball, location: 2F 1-1: Ball Wild Pitch! Zack Lloyd scores Ryan Cross to third Dave Wheeler to second 2-1: Ball 3-1: SINGLE (Line Drive, 9S, EV 108.8 MPH) Ryan Cross scores Dave Wheeler to third
|
Pitching: LHP Alpo Pertusov
|
|
Batting: RHB Leo Loetzsch
|
0-0: Ball 1-0: Foul Ball, location: 2F 1-1: Ball Wild Pitch! Dave Wheeler scores Eddie Tetzlaff to second 2-1: Foul Ball, location: 2F 2-2: Ball 3-2: Strikes out swinging
|
Top of the 6th over - 5 runs, 3 hits, 0 errors, 1 left on base; Myrtle Beach 12 - Jupiter 1 |
BOTTOM OF THE 6TH |
Jupiter Hammerheads batting - Pitching for Myrtle Beach Pelicans : RHP Leo Loetzsch
|
Pitching: RHP Jaden McLaughlin
|
|
Batting: LHB Jake Fritz
|
0-0: Called Strike 0-1: Swinging Strike 0-2: Ball 1-2: Fly out, F4 (Flyball, 34D, EV 93.8 MPH)
|
Batting: LHB Manny Barahona
|
0-0: Ball 1-0: Foul Ball, location: 2F 1-1: Ball 2-1: Called Strike 2-2: Strikes out swinging
|
Batting: LHB Randy Racine
|
0-0: Foul Ball, location: 2F 0-1: Ball 1-1: Ball 2-1: Foul Ball, location: 2F 2-2: Ball 3-2: Strikes out swinging
|
Bottom of the 6th over - 0 runs, 0 hits, 0 errors, 0 left on base; Myrtle Beach 12 - Jupiter 1 |
TOP OF THE 7TH |
Myrtle Beach Pelicans batting - Pitching for Jupiter Hammerheads : LHP Alpo Pertusov
|
Batting: LHB Eric McIver
|
0-0: Ball 1-0: Swinging Strike 1-1: Foul Ball, location: 2F 1-2: Ball 2-2: Ball 3-2: Ground out 6-3 (Groundball, 6, EV 92.5 MPH)
|
Batting: RHB Chad Howe
|
0-0: Called Strike 0-1: Foul Ball, location: 2F 0-2: Ball 1-2: Ball 2-2: Foul Ball, location: 2F 2-2: Strikes out looking
|
Batting: LHB Zack Lloyd
|
0-0: Called Strike 0-1: Ball 1-1: Ball 2-1: Ball 3-1: SINGLE (Line Drive, 7S, EV 101.3 MPH)
|
Batting: RHB Gregorio Morales
|
0-0: Ball 1-0: Ball 2-0: Ball 3-0: Called Strike 3-1: Called Strike 3-2: Strikes out looking
|
Top of the 7th over - 0 runs, 1 hit, 0 errors, 1 left on base; Myrtle Beach 12 - Jupiter 1 |
BOTTOM OF THE 7TH |
Jupiter Hammerheads batting - Pitching for Myrtle Beach Pelicans : RHP Jaden McLaughlin
|
Batting: RHB Armando Colon
|
0-0: Called Strike 0-1: Fly out, F8 (Flyball, 8RD, EV 110.0 MPH)
|
Batting: LHB Juan Alba
|
0-0: Called Strike 0-1: Called Strike 0-2: Strikes out swinging
|
Batting: RHB Tony Pedraza
|
0-0: Ball 1-0: Ball 2-0: Ball 3-0: Called Strike 3-1: Base on Balls
|
Batting: LHB Jason McCants
|
0-0: Ball 1-0: Ball 2-0: Foul Ball, location: 2F 2-1: Fly out, F8 (Line Drive, 8LD, EV 89.4 MPH)
|
Bottom of the 7th over - 0 runs, 0 hits, 0 errors, 1 left on base; Myrtle Beach 12 - Jupiter 1 |
TOP OF THE 8TH |
Myrtle Beach Pelicans batting - Pitching for Jupiter Hammerheads : LHP Alpo Pertusov
|
Batting: RHB Roberto Rivera
|
0-0: Ball 1-0: Ground out 1-3 (Groundball, P, EV 71.9 MPH)
|
Batting: LHB Ryan Cross
|
0-0: Ball 1-0: Foul Ball, location: 2F 1-1: Ball 2-1: Called Strike 2-2: Ball 3-2: Foul Ball, location: 2F 3-2: Base on Balls
|
Batting: LHB Dave Wheeler
|
0-0: Called Strike 0-1: Ball 1-1: Swinging Strike Pickoff Throw by Catcher to First - Out! 1-2: Ball 2-2: SINGLE (Groundball, 34D, EV 95.0 MPH)
|
Batting: SHB Eddie Tetzlaff
|
0-0: Ball 1-0: Called Strike 1-1: Fielders Choice at 2nd, 5-4 (Groundball, 56, EV 77.5 MPH)
|
Top of the 8th over - 0 runs, 1 hit, 0 errors, 1 left on base; Myrtle Beach 12 - Jupiter 1 |
BOTTOM OF THE 8TH |
Jupiter Hammerheads batting - Pitching for Myrtle Beach Pelicans : RHP Jaden McLaughlin
|
Batting: RHB Fytor Sousa
|
0-0: Ball 1-0: Swinging Strike 1-1: Swinging Strike 1-2: Ball 2-2: Ball 3-2: Base on Balls
|
Batting: LHB Alpo Pertusov
|
0-0: Bunted foul 0-1: Sac Bunt to 15 - play at first, batter OUT! 1-4 Fytor Sousa to second
|
Pitching: RHP Edgar Valdez
|
|
Batting: LHB Jake Fritz
|
0-0: Fly out, F5 (Popup, 5SF, EV 86.9 MPH)
|
Batting: LHB Manny Barahona
|
0-0: Ball 1-0: Foul Ball, location: 2F 1-1: SINGLE (Groundball, 6S, EV 71.9 MPH) (infield hit) Fytor Sousa to third
|
Batting: LHB Randy Racine
|
0-0: Ball 1-0: Ball 2-0: Ball 3-0: Called Strike 3-1: Foul Ball, location: 2F 3-2: Foul Ball, location: 2F 3-2: Ground out 4-3 (Groundball, 4, EV 87.5 MPH)
|
Bottom of the 8th over - 0 runs, 1 hit, 0 errors, 2 left on base; Myrtle Beach 12 - Jupiter 1 |
TOP OF THE 9TH |
Myrtle Beach Pelicans batting - Pitching for Jupiter Hammerheads : LHP Alpo Pertusov
|
Batting: RHB Edgar Valdez
|
0-0: Ball 1-0: Called Strike 1-1: Ball 2-1: Fly out, F7 (Flyball, 7LM, EV 96.3 MPH)
|
Pitching: LHP Mike Masterson
|
|
Batting: LHB Eric McIver
|
0-0: Ground out 5-3 (Groundball, 56S, EV 63.8 MPH)
|
Batting: RHB Chad Howe
|
0-0: Swinging Strike 0-1: Ground out 4-3 (Groundball, 4, EV 91.3 MPH)
|
Top of the 9th over - 0 runs, 0 hits, 0 errors, 0 left on base; Myrtle Beach 12 - Jupiter 1 |
BOTTOM OF THE 9TH |
Jupiter Hammerheads batting - Pitching for Myrtle Beach Pelicans : RHP Edgar Valdez
|
Batting: RHB Armando Colon
|
0-0: Ball 1-0: Ground out 6-3 (Groundball, 6, EV 105.6 MPH)
|
Batting: LHB Juan Alba
|
0-0: Called Strike 0-1: Swinging Strike 0-2: Strikes out looking
|
Batting: RHB Tony Pedraza
|
0-0: Fly out, F8 (Flyball, 78D, EV 96.3 MPH)
|
Bottom of the 9th over - 0 runs, 0 hits, 0 errors, 0 left on base; Myrtle Beach 12 - Jupiter 1 |
|